 Dungeon Crawl Stone Soup version 0.29-a0-222-g5b244fca1f (webtiles) character file.

Game seed: 12745450712569584125

842 jlumianski the Chopper (level 7, -3/56 HPs)
             Began as a Demonspawn Gladiator on Feb 27, 2022.
             Was an Initiate of Okawaru.
             Slain by a vampire mosquito (9 damage)
             ... on level 5 of the Dungeon.
             The game lasted 00:22:35 (6452 turns).

jlumianski the Chopper (Demonspawn Gladiator)       Turns: 6452, Time: 00:22:37

Health: -3/56      AC: 16    Str: 16    XL:     7   Next: 67%
Magic:  7/7        EV:  6    Int:  9    God:    Okawaru [......]
Gold:   67         SH:  0    Dex: 15    Spells: 6/6 levels left

rFire   . . .      SeeInvis .   G - +1 battleaxe
rCold   . . .      Faith    .   (shield currently unavailable)
rNeg    . . .      Spirit   .   q - +1 plate armour
rPois   .          Reflect  .   c - +1 helmet
rElec   .          Harm     .   (no cloak)
rCorr   +          Rampage  .   (no gloves)
Will    .....                   (no boots)
Stlth   ..........              (no amulet)
HPRegen 0.18/turn               F - ring of resist corrosion
MPRegen 0.10/turn               (no ring)

@: no status effects
A: rugged brown scales 2, weakness stinger 1
a: Renounce Religion


You were on level 5 of the Dungeon.
You worshipped Okawaru.
Okawaru was noncommittal.
You visited 2 branches of the dungeon, and saw 8 of its levels.
You also visited: Sewer.

You collected 248 gold pieces.
You spent 181 gold pieces at shops.

Inventory:

Hand Weapons
 a - a +0 war axe
 k - a +0 dagger of draining
 n - a +1 dagger of freezing
 v - a +0 hand crossbow
 A - a +2 dagger of venom
 G - a +1 battleaxe (weapon)
Missiles
 h - 100 stones (quivered)
 y - 7 poisoned darts
Armour
 b - a +0 leather armour
 c - a +1 helmet (worn)
 q - a +1 plate armour (worn)
 u - a +2 helmet
Jewellery
 F - a ring of resist corrosion (left hand)
Wands
 t - a wand of flame (14)
 w - a wand of polymorph (9)
Scrolls
 i - a scroll of amnesia
 r - 2 scrolls of torment
 C - 2 scrolls of teleportation
 I - a scroll of vulnerability
Potions
 e - a potion of ambrosia
 f - 2 potions of flight
 g - a potion of resistance {unknown}
 j - a potion of might
 l - 2 potions of lignification {unknown}
 m - 3 potions of heal wounds
 o - 2 potions of mutation {unknown}
 p - 2 potions of curing {unknown}
 s - a potion of cancellation {unknown}
 z - 2 potions of haste
 B - a potion of brilliance {unknown}


   Skills:
 + Level 4.0 Fighting
 + Level 5.5 Axes
 + Level 1.8 Crossbows
 + Level 2.0 Throwing
 + Level 3.6 Armour
 + Level 3.8 Dodging


You had 6 spell levels left.
You didn't know any spells.
Your spell library contained the following spells:

 Spells                   Type           Power      Damage    Failure   Level
 Ozocubu's Armour         Ice            0%         N/A       100%        3
 Portal Projectile        Hex/Tloc       0%         N/A       100%        3
 Leda's Liquefaction      Hex/Erth       0%         N/A       100%        4
 Metabolic Englaciation   Hex/Ice        0%         N/A       100%        5
 Call Canine Familiar     Summ           Unusable   N/A       N/A         3
 Simulacrum               Ice/Necr       Unusable   N/A       N/A         6

Dungeon Overview and Level Annotations

Branches:
Dungeon (7/15)             Temple (1/1) D:7           Sewer (visited)

Altars:
Cheibriados
Dithmenos
Gozag
Hepliaklqana
Okawaru
Wu Jian
Xom
Yredelemnul
The Shining One

Shops:
D:3 (   D:4 [*(*

Annotations:
D:2 Rassilon's ghost, amateur DsGl


Innate Abilities, Weirdness & Mutations

You are mostly covered in rugged brown scales. (AC +2, +5% HP)
You have a small tail.


Message History

* * * LOW HITPOINT WARNING * * *
The vampire mosquito draws strength from your injuries!
The vampire mosquito bites you but does no damage.
Throw: 3 throwing nets
Press: ? - help, Q - select action, (/) - cycle Shift-Dir - straight line, f/p - vampire mosquito
Aim: a vampire mosquito (almost destroyed, 44% to hit)
You throw a throwing net.
The throwing net barely misses the vampire mosquito.
The throwing net misses the hound.
The vampire mosquito bites you but does no damage. x2
Throw: 2 throwing nets
Press: ? - help, Q - select action, (/) - cycle Shift-Dir - straight line, f/p - vampire mosquito
Aim: a vampire mosquito (almost destroyed, 44% to hit)
You throw a throwing net.
The throwing net barely misses the vampire mosquito.
The throwing net misses the hound.
The vampire mosquito bites you.
* * * LOW HITPOINT WARNING * * *
The vampire mosquito draws strength from your injuries!
You feel much better. The vampire mosquito bites you.
The vampire mosquito draws strength from your injuries!
The vampire mosquito bites you but does no damage.
Throw: throwing net
Press: ? - help, Q - select action, (/) - cycle Shift-Dir - straight line, f/p - vampire mosquito
Aim: a vampire mosquito (severely damaged, 44% to hit)
You throw a throwing net.
The throwing net closely misses the vampire mosquito.
The throwing net closely misses the hound.
The vampire mosquito bites you but does no damage.
The vampire mosquito bites you!
* * * LOW HITPOINT WARNING * * *
The vampire mosquito draws strength from your injuries!
You barely miss the vampire mosquito.
The vampire mosquito is severely damaged.
The vampire mosquito bites you but does no damage.
The vampire mosquito bites you!
* * * LOW HITPOINT WARNING * * *
The vampire mosquito draws strength from your injuries!
The vampire mosquito bites you!
You die...

##.#.
.$............#######.
###.##
........(............ .
###...........#.#.## .
........#####.#.#
..#...#.# ....
..(...#.# ##.#
......#h# #.# ..... #y#
####.###### . ..#####@#
#........[#.#
........####.#..###...#
...........#.#..# #>.##
..########.#.#..###...#
#.....>.....#.#
#####.......##. ####
####.####### # #..#
#........#
##.#####..#.##..#


You could see a vampire mosquito and a hound.

Vanquished Creatures
  Menkaure (D:4)
  A black bear (D:6)
  2 kobold brigands (Sewer)
  A bullfrog (D:2)
  2 scorpions
  A howler monkey (D:7)
  A gnoll shaman (D:3)
  3 gnolls
  7 adders
  6 river rats (Sewer)
  A shadow imp (D:6)
  An ufetubus (D:5)
  4 worms
  A dart slug (D:2)
  4 orcs (D:4)
  2 ball pythons
  8 endoplasms
  5 giant cockroaches
  3 goblins
  2 hobgoblins
  9 jackals
  3 quokkas
  8 bats
  4 frilled lizards
  10 kobolds
  5 rats
95 creatures vanquished.

Vanquished Creatures (others)
  13 plants (Sewer)
13 creatures vanquished.

Grand Total: 108 creatures vanquished

Notes
Turn   | Place    | Note
-------+----------+-------------------------------------------
     0 | D:1      | jlumianski the Demonspawn Gladiator began the quest for the
                  | Orb.
     0 | D:1      | Reached XP level 1. HP: 16/16 MP: 1/1
   107 | D:1      | Found a faded altar of an unknown god.
   353 | D:1      | Gained mutation: You have a small tail. [demonic ancestry]
   353 | D:1      | Reached XP level 2. HP: 22/22 MP: 2/2
   458 | D:1      | Reached skill level 3 in Axes
  1069 | D:2      | Reached XP level 3. HP: 27/27 MP: 3/3
  1785 | D:3      | Found a runed translucent door.
  1801 | D:3      | Noticed a bullfrog
  1809 | D:3      | Gained mutation: You are partially covered in rugged brown
                  | scales. (AC +1, +3% HP) [demonic ancestry]
  1809 | D:3      | Reached XP level 4. HP: 24/33 MP: 4/4
  1919 | D:3      | Found Quebbeta's Weapon Shoppe.
  2126 | D:3      | Noticed Rassilon's ghost (amateur DsGl)
  2204 | D:2      | Reached skill level 1 in Armour
  2442 | D:2      | Killed a bullfrog
  2443 | D:2      | Gained mutation: You are mostly covered in rugged brown
                  | scales. (AC +2, +5% HP) [demonic ancestry]
  2443 | D:2      | Reached XP level 5. HP: 16/40 MP: 5/5
  2743 | D:2      | You fall into a shaft and drop 1 floor!
  3041 | D:4      | Found Niedepof's Armour Shop.
  3067 | D:4      | Bought a +2 helmet for 181 gold pieces
  3149 | D:4      | Found a snail-covered altar of Cheibriados.
  3161 | D:4      | Reached skill level 4 in Axes
  3224 | D:4      | Found Igohir Qiru's Antique Weapon Boutique.
  3685 | D:4      | Found a glowing drain.
  3701 | Sewer    | Entered a sewer
  3726 | Sewer    | Reached XP level 6. HP: 17/49 MP: 6/6
  4868 | D:4      | Noticed Menkaure
  4899 | D:4      | Killed Menkaure
  4900 | D:4      | Reached skill level 5 in Axes
  4900 | D:4      | Reached XP level 7. HP: 6/54 MP: 7/7
  5306 | D:4      | Found Zuj Ugun's General Store.
  5578 | D:4      | Found Beeracile's General Store.
  5825 | D:5      | Entered Level 5 of the Dungeon
  5825 | D:5      | Noticed a vampire mosquito
  5861 | D:5      | You fall into a shaft and drop 2 floors!
  6127 | D:7      | Reached skill level 1 in Crossbows
  6148 | D:7      | Found a staircase to the Ecumenical Temple.
  6174 | Temple   | Entered the Ecumenical Temple
  6199 | Temple   | Became a worshipper of Warmaster Okawaru
  6413 | D:5      | Found a shimmering altar of Xom.
  6452 | D:5      | Slain by a vampire mosquito

Illustrated notes

Levels and vault maps discovered:
D:1:      dpeg_arrival_line_fractal, layout_loops_cross,
          dreamdust_ecumenical_altar_angels_and_demons, fountainhead
D:2:      layout_rooms
D:3:      layout_rooms, serial_shops, nicolae_shop_competitors_out_of_business,
          ebering_ghost_sewer_d
D:4:      layout_cave_pools, kennysheep_mini_moat, serial_co_window_serial,
          co_window_cross_1, co_window_of_opportunity_a, co_window_corner_a,
          co_window_of_opportunity_a, co_window_paths_a, co_window_corner_cb,
          co_window_2corner, co_window_broadway_b, co_window_4corner_a,
          co_window_paths_d, glass_columns_a, gup_sewer_entry_pipe,
          serial_shops, shop_fountains, nicolae_square_shop,
          nicolae_shop_hallway_plus, shop, uniq_menkaure
D:5:      layout_loops_cross, amcnicky_altar_gilded, kennysheep_nub,
          uniq_crazy_yiuf_cottage
D:6:      layout_basic, serial_shops, shop
D:7:      layout_loops_ring, minmay_temple_entry_mist
Temple:   compressed_dpeg_circular_temple

Skill      XL: |  1  2  3  4  5  6  7 |
---------------+----------------------+-----
Axes           | 3 4 5 |  5.5
Dodging        | 3 |  3.8
Throwing       | 2 |  2.0
Armour         | 1 2 3 |  3.6
Fighting       | 3 4 |  4.0
Crossbows      | 1 |  1.8

Action                   |  1- 3 |  4- 6 |  7- 9 || total
-------------------------+-------+-------+-------++-------
Melee: War axe           |   121 |   168 |    56 ||   345
       Tailslap          |     8 |    22 |    13 ||    43
       Punch             |       |     1 |       ||     1
       Battleaxe         |       |       |    28 ||    28
 Fire: Hand crossbow     |       |       |    15 ||    15
Throw: Stone             |     6 |     1 |       ||     7
       Javelin           |       |     1 |     7 ||     8
       Throwing net      |       |       |     3 ||     3
  Use: Scroll            |     3 |     3 |     6 ||    12
       Potion            |     1 |     1 |     2 ||     4
 Stab: Sleeping          |     1 |       |       ||     1
Armor: Leather armour    |    36 |       |       ||    36
       Plate armour      |    37 |   126 |   119 ||   282
Dodge: Dodged            |    79 |    45 |    44 ||   168

Table legend: (Time is in decaauts)
 A = Elapsed time spent in this place.
 B = Non-inter-level travel time spent in this place.
 C = Inter-level travel time spent in this place.
 D = Time resting spent in this place.
 E = Time spent auto-exploring this place.
 F = Levels seen in this place.
 G = Mean time per level.
                   A        B        C        D        E       F      G
               +--------+--------+--------+--------+--------+-----+--------+
         Total |   6738 |   6678 |     60 |   1437 |   3599 |   9 |  748.7 |
       Dungeon |   5375 |   5315 |     60 |   1073 |   2935 |   7 |  767.9 |
        Temple |     45 |     45 |      0 |      0 |      0 |   1 |   45.0 |
         Sewer |   1317 |   1317 |      0 |    364 |    663 |   1 | 1317.0 |
               +--------+--------+--------+--------+--------+-----+--------+

Top non-repeatable levels by time:
     D:4: 1521 daAuts
   Sewer: 1317 daAuts
     D:2: 1261 daAuts
     D:1: 1064 daAuts
     D:3: 916 daAuts
     D:7: 340 daAuts
     D:5: 164 daAuts
     D:6: 106 daAuts
  Temple: 45 daAuts
